 Dungeon Crawl Stone Soup version 0.17.0-1-g61d176b (webtiles) character file.

196 UristPineapples the Cudgeler (level 5, 0/34 HPs)
             Began as a Gargoyle Fighter on Nov 7, 2015.
             Was an Initiate of Okawaru.
             Slain by an ogre
             ... wielding a +0 giant spiked club
              (19 damage)
             ... on level 4 of the Dungeon.
             The game lasted 00:05:23 (2090 turns).

UristPineapples the Cudgeler (Gargoyle Fighter)     Turns: 2090, Time: 00:05:23

Health: 0/34       AC: 12    Str: 19    XL:     5   Next: 75%
Magic:  5/5        EV:  7    Int:  9    God:    Okawaru [......]
Gold:   160        SH:  9    Dex: 10    Spells: 0 memorised, 4 levels left

rFire  . . .     SeeInvis .     a - +0 flail
rCold  + . .     Clarity  .     b - +0 scale mail
rNeg   + . .     SustAt   .     c - +0 shield
rPois  ∞         Gourm    .     n - +0 helmet
rElec  +         Spirit   .     (no cloak)
rCorr  .         Warding  .     (no gloves)
rMut   .         Stasis   .     (no boots)
MR     .....                    (no amulet)
Stlth  ..........               (no ring)
                                u - ring of protection from cold

@: not resistant to hostile enchantments, extremely unstealthy
A: negative energy resistance 1, electricity resistance, unbreathing,
petrification resistance, rot immunity, AC +4
a: Renounce Religion


You were on level 4 of the Dungeon.
You worshipped Okawaru.
Okawaru was noncommittal.
You were not hungry.

You visited 1 branch of the dungeon, and saw 4 of its levels.

You collected 160 gold pieces.

Inventory:

Hand Weapons
 a - a +0 flail (weapon)
Armour
 b - a +0 scale mail (worn)
 c - a +0 shield (worn)
 n - a +0 helmet (worn)
Jewellery
 u - a ring of protection from cold (left hand)
Wands
 x - a wand of random effects (17)
 B - a wand of teleportation (6)
Scrolls
 g - 3 scrolls of remove curse {unknown}
 i - 2 scrolls of identify {unknown}
 j - a scroll of enchant armour {unknown}
 l - 2 scrolls of amnesia {unknown}
 o - a scroll of blinking {unknown}
 q - a scroll of noise {unknown}
 w - a scroll of teleportation {unknown}
 y - a scroll of magic mapping {unknown}
 E - 3 scrolls of random uselessness {unknown}
Potions
 d - a potion of might
 f - 3 potions of agility {unknown}
 h - a potion of lignification {unknown}
 p - a potion of curing {unknown}
 r - a potion of brilliance {unknown}
 s - a potion of degeneration {unknown}
 v - a potion of heal wounds {unknown}
 z - a potion of cure mutation {unknown}
 A - 2 potions of flight {unknown}
Comestibles
 e - 2 bread rations
 m - a slice of pizza
 t - 2 meat rations
 C - a royal jelly
 D - a beef jerky


   Skills:
 + Level 4.8 Fighting
 * Level 4.8 Maces & Flails
 - Level 3.2 Armour
 - Level 3.2 Shields


You had 4 spell levels left.
You didn't know any spells.

Dungeon Overview and Level Annotations

Branches:
Dungeon (4/15)
 Temple: D:4-7

Altars:
Fedhas
Okawaru


Innate Abilities, Weirdness & Mutations

You are resistant to torment.
Your stone body is resilient (AC +4).
You are immune to poison.
You resist negative energy.
You are resistant to electric shocks.
You can survive without breathing.
You are immune to petrification.
You are immune to rotting.


Message History

Your shield and scale mail prevent you from hitting the ogre.
You hit the ogre.
The ogre is moderately wounded.
The ogre barely misses you.
You hit the ogre but do no damage.
The ogre is moderately wounded.
You block the ogre's attack.
You hit the ogre.
The ogre is moderately wounded.
You block the ogre's attack.
You hit the ogre.
The ogre is heavily wounded.
The ogre hits you with a giant spiked club!
Your shield and scale mail prevent you from hitting the ogre.
The ogre is heavily wounded.
You sock the ogre!
The ogre is severely wounded.
The ogre hits you with a giant spiked club!!
Ouch! That really hurt!
You die...

.....
#....
....##
#....#
#....#
#....#
#...#
#..@#
#..O.#
##...#
....#
.....#
.......
..$....#
........#


You could see an ogre.

Vanquished Creatures
  A scorpion (D:3)
  Jessica (D:2)
  Terence (D:2)
  A hound zombie (D:3)
  3 adders (D:2)
  7 giant geckos
  2 bats (D:3)
  4 giant cockroaches
  4 goblins
  3 hobgoblins
  7 kobolds
  8 jackals
  2 quokkas
  11 rats
55 creatures vanquished.

Notes
Turn   | Place    | Note
--------------------------------------------------------------
     0 | D:1      | UristPineapples the Gargoyle Fighter began the quest for the Orb.
     0 | D:1      | Reached XP level 1. HP: 14/14 MP: 1/1
   117 | D:1      | Reached XP level 2. HP: 17/19 MP: 2/2
   310 | D:1      | Reached XP level 3. HP: 21/24 MP: 3/3
   818 | D:2      | Reached skill level 4 in Fighting
  1004 | D:2      | Reached XP level 4. HP: 29/29 MP: 4/4
  1098 | D:2      | Noticed Terence
  1109 | D:2      | Killed Terence
  1143 | D:2      | Noticed Jessica
  1148 | D:2      | Killed Jessica
  1148 | D:2      | Reached XP level 5. HP: 29/34 MP: 5/5
  1563 | D:3      | Found an iron altar of Okawaru.
  1581 | D:3      | Became a worshipper of Warmaster Okawaru
  1891 | D:3      | Found a blossoming altar of Fedhas.
  2080 | D:4      | Noticed an ogre
  2090 | D:4      | Slain by an ogre

Action                   |  1- 3 |  4- 6 || total
-------------------------+-------+-------++-------
Melee: Flail             |   105 |   105 ||   210
  Eat: Chunk             |     1 |     3 ||     4
